 Dungeon Crawl Stone Soup version 0.29-a0-218-gf2abdc9806 (webtiles) character file.

Game seed: 1192747610307397959

4116 Aksej the Marksspriggan (level 10, -3/51 HPs)
             Began as a Spriggan Hunter on Feb 24, 2022.
             Was a Priest of Ru.
             Shot with an arrow by a centaur warrior (14 damage)
             ... on level 8 of the Dungeon on Feb 25, 2022.
             The game lasted 00:24:51 (6375 turns).

Aksej the Marksspriggan (Spriggan Hunter)           Turns: 6375, Time: 00:24:51

Health: -3/51      AC:  9    Str:  8    XL:     10   Next: 6%
Magic:  11/11      EV: 24    Int: 13    God:    Ru [***...]
Gold:   446        SH:  0    Dex: 20    Spells: 9/9 levels left

rFire   . . .      SeeInvis +   a - +3 shortbow (venom)
rCold   . . .      Faith    .   (shield currently unavailable)
rNeg    . . .      Spirit   .   p - +0 steam dragon scales
rPois   .          Reflect  .   (helmet restricted)
rElec   .          Harm     .   (no cloak)
rCorr   .          Rampage  .   (gloves unavailable)
Will    +....                   (boots unavailable)
Stlth   +++.......              (no amulet)
HPRegen 0.17/turn               f - +4 ring of evasion
MPRegen 0.12/turn               j - +4 ring of protection

@: very quick
A: very small, no large weapons, unfitting armour, see invisible, speed 3,
inability to use devices, no air magic, no summoning magic, no transmutations
magic
a: Renounce Religion, Draw Out Power


You were on level 8 of the Dungeon.
You worshipped Ru.
Ru was most pleased with you.
You visited 1 branch of the dungeon, and saw 8 of its levels.

You collected 446 gold pieces.

Inventory:

Hand Weapons
 a - a +3 shortbow of venom (weapon)
Armour
 p - +0 steam dragon scales (worn)
Jewellery
 d - a ring of magical power
 f - a +4 ring of evasion (left hand)
 i - an amulet of the acrobat
 j - a +4 ring of protection (right hand)
Wands
 m - a wand of acid (18)
Scrolls
 b - a scroll of fear
 c - 4 scrolls of teleportation
Potions
 e - 2 potions of curing
 g - a potion of haste
 h - a potion of might {unknown}
 k - a potion of brilliance {unknown}
 l - a potion of heal wounds {unknown}
 n - a potion of lignification {unknown}
 o - a potion of ambrosia {unknown}


   Skills:
 + Level 5.2 Fighting
 + Level 15.3 Bows
 * Level 5.3 Dodging
 + Level 4.5 Stealth


You had 9 spell levels left.
You didn't know any spells.
Your spell library contained the following spells:

 Spells                   Type           Power      Damage    Failure   Level
 Sandblast                Erth           0%         2d4       30%         1
 Ozocubu's Armour         Ice            0%         N/A       67%         3
 Stone Arrow              Conj/Erth      0%         3d7       67%         3
 Ozocubu's Refrigeration  Ice            0%         4d5       100%        7
 Passwall                 Tmut/Erth      Unusable   N/A       N/A         2

Dungeon Overview and Level Annotations

Branches:
Dungeon (8/15)             Temple (0/1) D:4
   Lair: D:8-11

Altars:
Elyvilon
Ru
Wu Jian
Zin

Annotations:
D:5 3 runed translucent doors, Zero's ghost, novice SpEn


Innate Abilities, Weirdness & Mutations

You are very small and have problems with some larger weapons.
You are too small for most types of armour.
You have supernaturally acute eyesight. (SInv)
You cover ground extremely quickly. (Speed+++)
You cannot study or use magical devices.
You cannot study or cast Air magic.
You cannot study or cast Summoning magic.
You cannot study or cast Transmutations magic.


Message History

You shoot an arrow. The arrow hits the centaur warrior!
The centaur warrior looks as sick as possible!
The centaur warrior is almost dead.
The centaur warrior shoots an arrow.
The arrow completely misses you.
Shoot: a) +3 shortbow (venom)
Press: ? - help, Q - select action, (/) - cycle Shift-Dir - straight line, f/p - centaur warrior
Aim: a centaur warrior, wielding a +0 longbow (almost dead, extremely poisoned, 78% to hit)
You shoot an arrow. The arrow hits the centaur warrior!
You kill the centaur warrior!
The centaur warrior wields a +0 shortbow.
The centaur warrior shoots an arrow.
The arrow misses you.
Your Bows skill increases to level 15!
Your Dodging skill increases to level 5!
You have reached level 10!
You feel clever.
Shoot: a) +3 shortbow (venom)
Press: ? - help, Q - select action, (/) - cycle Shift-Dir - straight line, f - centaur warrior
Aim: a centaur warrior, wielding a +0 shortbow (78% to hit)
You shoot an arrow. The arrow hits the centaur warrior!
The centaur warrior is poisoned.
The centaur warrior is lightly wounded.
The centaur warrior shoots an arrow.
The arrow hits you.
Shoot: a) +3 shortbow (venom)
Press: ? - help, Q - select action, (/) - cycle Shift-Dir - straight line, f/p - centaur warrior
Aim: a centaur warrior, wielding a +0 shortbow (lightly wounded, very poisoned, 78% to hit)
You shoot an arrow. The arrow hits the centaur warrior.
The centaur warrior looks as sick as possible!
The centaur warrior is moderately wounded.
The centaur warrior shoots an arrow.
The arrow completely misses you.
Shoot: a) +3 shortbow (venom)
Press: ? - help, Q - select action, (/) - cycle Shift-Dir - straight line, f/p - centaur warrior
Aim: a centaur warrior, wielding a +0 shortbow (moderately wounded, extremely poisoned, 78% to hit)
You shoot an arrow. The arrow hits the centaur warrior!
The centaur warrior looks as sick as possible!
The centaur warrior is heavily wounded.
The centaur warrior shoots an arrow.
The arrow hits you!
* * * LOW HITPOINT WARNING * * *
The centaur warrior is stunned by your conviction and fails to attack.
The centaur warrior shoots an arrow.
The arrow hits you!
You die...

#####.#######........... ####
#....†........†......... ...#
#.###.##.....#.......... ##.#
#.# #.##.#.#.#..........
##.#####.# #.##................
.........###.######.#..........
##.####.............###.#######
...#####.###.##########..##
................@.....#...#
....#####.##.########c#.#.#
....# #........# #.#c#.# ....#
#..##.##.# #.#.#.c.# ....#
#......#.#####c#.#.##.#
....#####.##..#.........### #
...........<..#.........#
#######
)..######.....#.........#
#...... .).# #....##.........#
#.#....


You could see a centaur warrior (extremely poisoned).

Vanquished Creatures
  A two-headed ogre (D:8)
  A centaur warrior (D:8)
  5 yaks (D:8)
  A steam dragon (D:7)
  2 orc warriors (D:7)
  3 sky beasts (D:6)
  A black bear (D:7)
  3 centaurs
  An ogre (D:6)
  2 phantoms (D:5)
  A bullfrog (D:8)
  A scorpion (D:3)
  A howler monkey (D:5)
  5 wights (D:8)
  3 hounds
  2 iguanas (D:5)
  6 orc wizards
  4 gnolls (D:8)
  8 adders
  A shadow imp (D:7)
  A white imp (D:7)
  An ufetubus (D:6)
  2 worms (D:2)
  3 dart slugs
  16 orcs
  7 ball pythons
  7 bats
  5 endoplasms
  5 giant cockroaches
  6 goblins
  8 hobgoblins
  4 jackals (D:1)
  3 quokkas
  2 frilled lizards (D:1)
  9 kobolds
  5 rats
136 creatures vanquished.

Vanquished Creatures (others)
  A hornet (D:8)
1 creature vanquished.

Grand Total: 137 creatures vanquished

Notes
Turn   | Place    | Note
-------+----------+-------------------------------------------
     0 | D:1      | Aksej the Spriggan Hunter began the quest for the Orb.
     0 | D:1      | Reached XP level 1. HP: 10/10 MP: 2/2
    40 | D:1      | Reached skill level 5 in Bows
   205 | D:1      | Reached XP level 2. HP: 15/15 MP: 3/3
   982 | D:2      | Reached XP level 3. HP: 18/18 MP: 4/4
  1128 | D:2      | Reached skill level 6 in Bows
  1325 | D:2      | Reached XP level 4. HP: 23/23 MP: 5/5
  1453 | D:2      | Identified the +11 plate armour of the Lizard {rC+}
  1542 | D:3      | Found a faded altar of an unknown god.
  1545 | D:3      | Found a glowing silver altar of Zin.
  1623 | D:3      | Reached skill level 7 in Bows
  1627 | D:3      | Reached XP level 5. HP: 15/26 MP: 6/6
  1875 | D:3      | Found a sacrificial altar of Ru.
  1894 | D:3      | Became a worshipper of Ru the Awakened
  2135 | D:3      | Reached skill level 8 in Bows
  2575 | D:4      | Found a staircase to the Ecumenical Temple.
  2614 | D:4      | Reached XP level 6. HP: 26/30 MP: 7/7
  3426 | D:5      | Entered Level 5 of the Dungeon
  3481 | D:5      | Reached skill level 9 in Bows
  3487 | D:5      | Reached skill level 1 in Evocations
  3487 | D:5      | Reached XP level 7. HP: 29/35 MP: 8/8
  3573 | D:5      | Found a runed translucent gate.
  3573 | D:5      | Found a runed translucent gate.
  3575 | D:5      | Found a runed translucent gate.
  3578 | D:5      | Noticed Zero's ghost (novice SpEn)
  3690 | D:5      | Gained mutation: You cannot study or cast Air magic. [Ru
                  | sacrifice]
  3690 | D:5      | Gained mutation: You cannot study or cast Transmutations
                  | magic. [Ru sacrifice]
  3690 | D:5      | Gained mutation: You cannot study or cast Summoning magic.
                  | [Ru sacrifice]
  3690 | D:5      | Reached * piety under Ru
  3969 | D:5      | You fall into a shaft and drop 3 floors!
  4039 | D:7      | Reached skill level 10 in Bows
  4317 | D:6      | Reached skill level 11 in Bows
  4317 | D:6      | Reached XP level 8. HP: 40/40 MP: 9/9
  4384 | D:6      | Found an ornate altar of the Wu Jian Council.
  4393 | D:6      | Found a white marble altar of Elyvilon.
  5097 | D:7      | Reached skill level 12 in Bows
  5997 | D:8      | Reached skill level 13 in Bows
  6002 | D:8      | Reached XP level 9. HP: 45/45 MP: 10/10
  6135 | D:8      | Gained mutation: You cannot study or use magical devices.
                  | [Ru sacrifice]
  6135 | D:8      | Reached ** piety under Ru
  6135 | D:8      | Reached *** piety under Ru
  6209 | D:8      | Noticed a two-headed ogre
  6216 | D:8      | Killed a two-headed ogre
  6217 | D:8      | Reached skill level 14 in Bows
  6324 | D:8      | Reached skill level 5 in Fighting
  6350 | D:8      | Noticed a centaur warrior
  6355 | D:8      | Noticed a centaur warrior
  6363 | D:8      | Killed a centaur warrior
  6364 | D:8      | Reached skill level 15 in Bows
  6364 | D:8      | Reached skill level 5 in Dodging
  6364 | D:8      | Reached XP level 10. HP: 25/51 MP: 11/11
  6375 | D:8      | Shot with an arrow by a centaur warrior

Illustrated notes

Levels and vault maps discovered:
D:1:      amcnicky_arrival_underground_garden, layout_basic,
          columned_hall_lemuel
D:2:      layout_rooms, hex_medium, due_unseen_surprise
D:3:      layout_loops_ring, nicolae_ru_great_annihilating_truth,
          nicolae_overflow_ecumenical_swirl, minmay_crystal_room
D:4:      layout_basic, minmay_temple_entry_antechambers,
          kennysheep_generic_room_5
D:5:      layout_basic, gammafunk_ghost_nasty_kobolds
D:6:      layout_basic, mainiacjoe_overflow_swirl
D:7:      layout_gridville
D:8:      minmay_cornered_nines, layout_basic

Skill      XL: |  1  2  3  4  5  6  7  8  9 |
---------------+----------------------------+-----
Bows           | 5 6 7 8 9 11 13 15 | 15.3
Fighting       | 2 3 4 5 |  5.2
Stealth        | 2 3 4 |  4.5
Evocations     | 1 0 |  0.0
Dodging        | 3 5 |  5.3

Action                   |  1- 3 |  4- 6 |  7- 9 | 10-12 || total
-------------------------+-------+-------+-------+-------++-------
 Fire: Shortbow          |   114 |   119 |   182 |     3 ||   418
Invok: Sacrifice Arcana  |       |       |     1 |       ||     1
       Sacrifice Artific |       |       |     1 |       ||     1
Evoke: Wand              |       |     3 |       |       ||     3
  Use: Scroll            |     5 |     4 |     7 |       ||    16
       Potion            |       |     1 |     1 |       ||     2
Armor: Robe              |     3 |     6 |     5 |       ||    14
Dodge: Dodged            |    24 |    26 |    36 |     1 ||    87

Table legend: (Time is in decaauts)
 A = Elapsed time spent in this place.
 B = Non-inter-level travel time spent in this place.
 C = Inter-level travel time spent in this place.
 D = Time resting spent in this place.
 E = Time spent auto-exploring this place.
 F = Levels seen in this place.
 G = Mean time per level.
                   A        B        C        D        E       F      G
               +--------+--------+--------+--------+--------+-----+--------+
         Total |   4453 |   4268 |    185 |      0 |   3514 |   8 |  556.6 |
       Dungeon |   4453 |   4268 |    185 |      0 |   3514 |   8 |  556.6 |
               +--------+--------+--------+--------+--------+-----+--------+

Top non-repeatable levels by time:
     D:7: 752 daAuts
     D:1: 682 daAuts
     D:3: 672 daAuts
     D:4: 644 daAuts
     D:5: 584 daAuts
     D:8: 406 daAuts
     D:2: 373 daAuts
     D:6: 336 daAuts
